 Dungeon Crawl Stone Soup version 0.28-a0-1518-gbe868bca14 (webtiles) character file.

Game seed: 6416502508573553087

107 knot the Chopper (level 4, -6/52 HPs)
             Began as a Demonspawn Berserker on Jan 17, 2022.
             Was a Follower of Trog.
             Mangled by an iguana (11 damage)
             ... on level 3 of the Dungeon.
             The game lasted 00:01:34 (2873 turns).

knot the Chopper (Demonspawn Berserker)             Turns: 2873, Time: 00:01:34

Health: -6/52      AC:  2    Str: 18    XL:     4   Next: 56%
Magic:  0/4        EV: 12    Int: 12    God:    Trog [*.....]
Gold:   98         SH:  0    Dex: 12    Spells: 3/3 levels left

rFire   . . .      SeeInvis .   a - +0 hand axe
rCold   . . .      Faith    .   (no shield)
rNeg    . . .      Spirit   +   b - +0 animal skin
rPois   .          Reflect  .   (no helmet)
rElec   .          Harm     .   (no cloak)
rCorr   .          Rampage  .   (no gloves)
Will    .....                   (no boots)
Stlth   ..........              (no amulet)
HPRegen 0.17/turn               (no ring)
MPRegen 0.18/turn               (no ring)

@: berserking, very quick
A: magic shield, magic regeneration, big brain 1
a: Renounce Religion, Berserk


You were on level 3 of the Dungeon.
You worshipped Trog.
Trog was aware of your devotion.
You visited 1 branch of the dungeon, and saw 3 of its levels.

You collected 98 gold pieces.

Inventory:

Hand Weapons
 a - a +0 hand axe (weapon)
Missiles
 d - 2 poisoned darts (quivered)
 k - 50 stones
Armour
 b - a +0 animal skin (worn)
Jewellery
 g - a ring of fire
 j - an amulet of magic regeneration
Scrolls
 e - a scroll of enchant armour {unknown}
 h - 3 scrolls of teleportation {unknown}
 l - 3 scrolls of identify {unknown}
Potions
 c - a potion of brilliance {unknown}
 f - 2 potions of heal wounds {unknown}
 i - a potion of invisibility {unknown}
 m - a potion of lignification {unknown}
 n - a potion of mutation {unknown}


   Skills:
 - Level 3.0 Fighting
 + Level 4.9 Axes
 - Level 1.7 Armour
 - Level 1.7 Dodging


You had 3 spell levels left.
You didn't know any spells.
Your spell library contained the following spells:

 Spells                   Type           Power      Damage    Failure   Level
 Shock                    Conj/Air       0%         1d3       32%         1
 Conjure Flame            Conj/Fire      0%         6-21      69%         3
 Ignite Poison            Fire/Tmut/Pois 0%         N/A       69%         3
 Swiftness                Air            0%         N/A       69%         3
 Airstrike                Air            0%         N/A       97%         4
 Sticky Flame             Conj/Fire      0%         2d3       97%         4


Dungeon Overview and Level Annotations

Branches:
Dungeon (3/15)

Altars:


Innate Abilities, Weirdness & Mutations

When hurt, damage is shared between your health and your magic reserves.
You regenerate magic rapidly.
You have an unusually large brain. (Int +2)


Message History

No target in view!
No target in view!
Key pressed, stopping explore.
No target in view!
You now have 98 gold pieces (gained 18).
Found a stone staircase leading up.
No target in view!
Found a leather armour.
No target in view!
No target in view!
No target in view!
You see here a +0 leather armour.
You see here a hobgoblin corpse.
You see here a +0 club.
There is a stone staircase leading down here.
Found a hunting sling.
No target in view!
An iguana comes into view.
Found a cyan potion.
The iguana hisses angrily.
The iguana hisses menacingly.
You closely miss the iguana. The iguana bites you.
You barely miss the iguana. The iguana bites you!
You closely miss the iguana. The iguana bites you!
* * * LOW HITPOINT WARNING * * *
You are too injured to fight recklessly!
You are too injured to fight recklessly!
A red film seems to cover your vision as you go berserk!
You feel yourself moving faster!
You feel mighty!
The iguana bites you but does no damage.
You hit the iguana.
The iguana is moderately wounded.
You hit the iguana.
The iguana is heavily wounded.
The iguana bites you!
* * * LOW HITPOINT WARNING * * *
You barely miss the iguana. You punch the iguana.
The iguana is heavily wounded.
The iguana bites you!
You die...

.#......#.# ##.##.# #
.#......#.# #..#.# #
.P...P..#.###############.#.#
# .#..P...# #..........#
#...##### .#######..
#..........# ##..##...
..##..........# #.......
###.)........####.)#####
#...l..........)>.....
#....@.....^####.#####
#...........####.#
#...........#....#
#!..........#.####
######....#.#.####
#......#....# #...........#
##..........# #..........#


You could see an iguana.

Vanquished Creatures
  An iguana (D:3)
  3 adders
  2 worms
  A dart slug (D:2)
  6 ball pythons
  2 endoplasms
  4 giant cockroaches
  5 goblins
  4 hobgoblins
  2 jackals (D:3)
  A quokka (D:1)
  8 bats
  A frilled lizard (D:3)
  2 kobolds
  4 rats
46 creatures vanquished.

Vanquished Creatures (others)
  A plant (D:3)
  4 toadstools (D:1)
5 creatures vanquished.

Grand Total: 51 creatures vanquished

Notes
Turn   | Place    | Note
-------+----------+-------------------------------------------
     0 | D:1      | knot the Demonspawn Berserker began the quest for the Orb.
     0 | D:1      | Reached XP level 1. HP: 18/18 MP: 1/1
   132 | D:1      | Reached skill level 3 in Axes
   385 | D:1      | Gained mutation: You regenerate magic rapidly. [demonic
                  | ancestry]
   385 | D:1      | Reached XP level 2. HP: 16/24 MP: 2/2
   742 | D:1      | Found a faded altar of an unknown god.
  1566 | D:2      | Gained mutation: You have an unusually large brain. (Int
                  | +2) [demonic ancestry]
  1566 | D:2      | Reached XP level 3. HP: 29/29 MP: 3/3
  1636 | D:2      | Reached skill level 4 in Axes
  2307 | D:3      | Gained mutation: When hurt, damage is shared between your
                  | health and your magic reserves. [demonic ancestry]
  2307 | D:3      | Reached XP level 4. HP: 34/35 MP: 4/4
  2873 | D:3      | Mangled by an iguana

Illustrated notes

Levels and vault maps discovered:
D:1:      ldierk_walled_garden_2, layout_loops_cross, basic_ecumenical_altar,
          eino_curves_03
D:2:      layout_loops_ring
D:3:      cheibrodos_old_hovel, layout_basic, kennysheep_small_spiral,
          supply_closet_lemuel

Skill      XL: |  1  2  3 |
---------------+----------+-----
Axes           | 3 4 |  4.9
Fighting       | |  3.0
Armour         | |  1.7
Dodging        | |  1.7

Action                   |  1- 3 |  4- 6 || total
-------------------------+-------+-------++-------
Melee: Hand axe          |   114 |    45 ||   159
       Punch             |     1 |     1 ||     2
Invok: Berserk           |     4 |     1 ||     5
 Stab: Sleeping          |     1 |     1 ||     2
Armor: Animal skin       |    33 |     7 ||    40
Dodge: Dodged            |    68 |    34 ||   102

Table legend: (Time is in decaauts)
 A = Elapsed time spent in this place.
 B = Non-inter-level travel time spent in this place.
 C = Inter-level travel time spent in this place.
 D = Time resting spent in this place.
 E = Time spent auto-exploring this place.
 F = Levels seen in this place.
 G = Mean time per level.
                   A        B        C        D        E       F      G
               +--------+--------+--------+--------+--------+-----+--------+
         Total |   2919 |   2879 |     40 |    768 |   1755 |   3 |  973.0 |
       Dungeon |   2919 |   2879 |     40 |    768 |   1755 |   3 |  973.0 |
               +--------+--------+--------+--------+--------+-----+--------+

Top non-repeatable levels by time:
     D:3: 978 daAuts
     D:2: 973 daAuts
     D:1: 967 daAuts
